 Dungeon Crawl Stone Soup version 0.27-a0-1202-ge72e49191c (webtiles) character file.

Game seed: 1524925248473583484

2508 Delamore the Spear-Bearer (level 9, 0/68 HPs)
             Began as a Formicid Fighter on June 4, 2021.
             Was an Initiate of Gozag.
             Slain by Harold
             ... wielding a +0 mace
              (12 damage)
             ... on level 6 of the Dungeon.
             The game lasted 00:07:09 (7275 turns).

Delamore the Spear-Bearer (Formicid Fighter)        Turns: 7275, Time: 00:07:09

Health: 0/68       AC:  9    Str: 23 (24) XL:     9   Next: 83%
Magic:  9/9        EV:  6    Int:  9 (11) God:    Gozag
Gold:   496        SH:  9    Dex:  7 (10) Spells: 8/8 levels left

rFire    + . .     SeeInvis +   a - +4 trident (freeze)
rCold    + . .     Faith    .   c - +0 kite shield
rNeg     . . .     Spirit   .   l - +0 chain mail
rPois    +         Reflect  .   (helmet unavailable)
rElec    .         Harm     .   A - scarf {rC+ rF+}
rCorr    .         Rampage  .   (no gloves)
Will     ++...                  (no boots)
Stlth    ..........             (no amulet)
HPRegen  0.21/turn              v - ring of poison resistance
MPRegen  0.11/turn              t - ring of the Mage {Wiz Will++ Int+3}

@: mighty, marked, flying, very slightly contaminated, invisible
A: permanent stasis, dig shafts and tunnels, antennae 3, four strong arms
a: Dig, Shaft Self, Renounce Religion, Potion Petition, Call Merchant, Bribe
Branch


You were on level 6 of the Dungeon.
You worshipped Gozag.
Gozag was aware of your devotion.
You visited 2 branches of the dungeon, and saw 8 of its levels.

You collected 677 gold pieces.
You paid 181 gold pieces to Gozag.

Inventory:

Hand Weapons
 a - a +4 trident of freezing (weapon)
Missiles
 f - 10 javelins
 g - 2 curare-tipped darts (quivered)
 j - 7 silver boomerangs
 n - 8 boomerangs
 q - 13 poisoned darts
 z - a throwing net
Armour
 c - a +0 kite shield (worn)
 l - a +0 chain mail (worn)
 o - a +1 cloak
 A - a scarf of resistance (worn)
Jewellery
 b - a ring of positive energy
 t - the ring of the Mage (right hand) {Wiz Will++ Int+3}
   (You found it on level 4 of the Dungeon)

   [ring of wizardry]

   It improves your spell success rate.
   It affects your intelligence (+3).
   It greatly increases your willpower.
 v - a ring of poison resistance (left hand)
Wands
 w - a wand of polymorph (9)
 x - a wand of flame (11)
 y - a wand of paralysis (2)
Scrolls
 k - a scroll of vulnerability
 s - 2 scrolls of magic mapping
 B - a scroll of identify
Potions
 e - a potion of curing
 h - 2 potions of lignification
 i - 2 potions of brilliance
 m - 3 potions of attraction
 p - 2 potions of invisibility
 r - a potion of flight
 u - 2 potions of degeneration
 C - a potion of haste {unknown}


   Skills:
 - Level 5.0 Fighting
 * Level 11.5 Polearms
 + Level 2.2 Throwing
 - Level 3.2 Armour
 + Level 4.7 Shields


You had 8 spell levels left.
You didn't know any spells.
Your spell library contained the following spells:

 Spells                   Type           Power      Damage    Failure   Level
 Beastly Appendage        Tmut           0%         N/A       95%         1
 Magic Dart               Conj           0%         1d3       95%         1
 Call Imp                 Summ           0%         N/A       99%         2
 Searing Ray              Conj           0%         3d3       99%         2
 Slow                     Hex            0%         N/A       99%         2
 Wereblood                Tmut           0%         N/A       99%         2
 Confusing Touch          Hex            0%         N/A       100%        3
 Conjure Flame            Conj/Fire      0%         6-21      100%        3
 Dazzling Flash           Conj/Hex       0%         N/A       100%        3
 Gell's Gravitas          Tloc           0%         N/A       100%        3
 Mephitic Cloud           Conj/Pois/Air  0%         N/A       100%        3
 Spider Form              Tmut/Pois      0%         N/A       100%        3
 Fulminant Prism          Conj/Hex       0%         3d6       100%        4
 Ice Form                 Ice/Tmut       0%         N/A       100%        4
 Iskenderun's Mystic Bla  Conj/Tloc      0%         2d3       100%        4
 Petrify                  Tmut/Erth      0%         N/A       100%        4
 Hydra Form               Tmut           0%         N/A       100%        5
 Metabolic Englaciation   Hex/Ice        0%         N/A       100%        5
 Yara's Violent Unravell  Hex/Tmut       0%         3d3       100%        5
 Blink                    Tloc           Unusable   N/A       N/A         2

Dungeon Overview and Level Annotations

Branches:
Dungeon (7/15)             Temple (1/1) D:4

Altars:
Ashenzari
Dithmenos
Elyvilon
Gozag
Hepliaklqana
Makhleb
Okawaru
Trog
Yredelemnul
Zin
The Shining One

Annotations:
D:6 Harold


Innate Abilities, Weirdness & Mutations

You cannot be hasted, slowed, berserked, paralysed or teleported.
You can dig through walls and to a lower floor.
You have a pair of large antennae on your head. (SInv)
Your four strong arms can wield two-handed weapons with a shield.


Message History

You block Harold's attack.
You hit Harold but do no damage.
Harold is heavily wounded.
Harold hits you with a +0 mace!
You puncture Harold! You freeze Harold.
Harold is heavily wounded.
Harold hits you but does no damage.
You barely miss Harold.
Harold is heavily wounded.
Harold hits you with a +0 mace.
* * * LOW HITPOINT WARNING * * *
It was a potion of invisibility.
You fade into invisibility!
Harold points at you and mumbles some strange words.
You struggle to resist.
You are very lightly contaminated with residual magic.
It was a potion of flight.
You feel very buoyant.
You fly up into the air.
You block Harold's attack.
It was a potion of degeneration.
There was something very wrong with that liquid.
You feel weakened.
You feel dopey.
You feel clumsy. Harold barely misses you.
Okay, then.
Harold gestures at you while chanting.
You struggle to resist.
Harold barely misses you.
There is a stone staircase leading up here.
Harold hits you with a +0 mace!
* * * LOW HITPOINT WARNING * * *
You fly upwards.
There is a stone staircase leading down here.
You feel very mighty all of a sudden. Harold casts a spell at you.
You struggle to resist.
You hit Harold. You freeze Harold.
Harold is severely wounded.
Harold hits you with a +0 mace!
You die...
Your body crumbles into a pile of gold.

....# #...##
#....# ....##
##...# #)...#
.....#
##...########....#
.....###...##
#..##.....#
.#...##...##
##.#..#####
#..####...# #...##
..## #...## ###.#
### #...# ##..#
#...# ##@..# ##.##
#.@#.## #..#
#.##..### ##.##
#.###...# #####..#
#.# ###.##
.....>####
#.#####.(#
#####....##
###.......##
####..#
#....######
##.###.#.######


You could see Harold.

Vanquished Creatures
  Pikel (D:5)
  2 sky beasts
  A black bear (D:5)
  An orc warrior (D:7)
  2 necrophages
  4 ogres
  A phantom (D:4)
  A lemure (D:5)
  A bullfrog (D:7)
  3 scorpions
  A water moccasin zombie (D:5)
  A water moccasin skeleton (D:4)
  A howler monkey (D:5)
  2 hounds
  3 bullfrog zombies (D:5)
  3 orc priests
  Crazy Yiuf (D:3)
  A centaur skeleton (D:4)
  Terence (D:2)
  2 iguanas
  4 orc wizards
  A killer bee zombie (D:6)
  7 adders
  3 shadow imps
  4 worms
  2 dart slugs
  19 orcs
  5 endoplasms
  5 giant cockroaches
  7 hobgoblins
  13 jackals
  2 quokkas
  8 ball pythons
  4 bats (D:1)
  4 frilled lizards
  9 goblins
  5 kobolds
  7 rats
142 creatures vanquished.

Notes
Turn   | Place    | Note
-------+----------+-------------------------------------------
     0 | D:1      | Delamore the Formicid Fighter began the quest for the Orb.
     0 | D:1      | Reached XP level 1. HP: 18/18 MP: 1/1
   521 | D:1      | Reached XP level 2. HP: 24/24 MP: 2/2
   858 | D:1      | Reached XP level 3. HP: 27/29 MP: 3/3
  1265 | D:1      | Reached skill level 3 in Polearms
  1699 | D:2      | Noticed Terence
  1707 | D:2      | Killed Terence
  1708 | D:2      | Reached XP level 4. HP: 32/37 MP: 4/4
  1907 | D:2      | Reached skill level 4 in Polearms
  2211 | D:2      | Reached XP level 5. HP: 37/42 MP: 5/5
  2896 | D:3      | Reached XP level 6. HP: 30/50 MP: 6/6
  3181 | D:3      | Found a runed translucent door.
  3182 | D:3      | Noticed Crazy Yiuf
  3187 | D:3      | Killed Crazy Yiuf
  3188 | D:3      | Reached skill level 5 in Polearms
  3345 | D:3      | Found a white marble altar of Elyvilon.
  3563 | D:3      | Found a basalt altar of Yredelemnul.
  3703 | D:4      | Reached skill level 5 in Fighting
  3954 | D:4      | Reached skill level 6 in Polearms
  3954 | D:4      | Reached XP level 7. HP: 56/56 MP: 7/7
  4115 | D:4      | Found the ring of the Mage {Wiz Will++ Int+3}
  4177 | D:4      | Reached skill level 7 in Polearms
  4470 | D:4      | Found a staircase to the Ecumenical Temple.
  4716 | Temple   | Entered the Ecumenical Temple
  4810 | Temple   | Became a worshipper of Gozag Ym Sagoz the Greedy
  5053 | D:5      | Entered Level 5 of the Dungeon
  5133 | D:5      | Reached XP level 8. HP: 50/62 MP: 8/8
  5212 | D:5      | Reached skill level 8 in Polearms
  5470 | D:5      | Noticed Pikel
  5495 | D:5      | Killed Pikel
  5496 | D:5      | Reached skill level 10 in Polearms
  5496 | D:5      | Reached XP level 9. HP: 19/68 MP: 9/9
  5738 | D:5      | Found a shadowy altar of Dithmenos.
  5741 | D:5      | Found a burning altar of Makhleb.
  5742 | D:5      | Found a glowing golden altar of the Shining One.
  5742 | D:5      | Found a hazy altar of Hepliaklqana.
  6088 | D:5      | Reached skill level 11 in Polearms
  6230 | D:5      | Found a bloodstained altar of Trog.
  6763 | D:6      | Reached skill level 1 in Throwing
  7238 | D:7      | Noticed Harold
  7275 | D:6      | Slain by Harold

Illustrated notes

Levels and vault maps discovered:
D:1:      roderic_chinese_lattice_arrival, layout_basic
D:2:      layout_loops_corners, chequers_serial_rivers_room_b, uniq_terence
D:3:      layout_rooms, kennysheep_ying_yang, minmay_misc_feat_doors,
          minmay_misc_feat_enclosed, st_stairs_8, minmay_cupped,
          uniq_crazy_yiuf_cottage
D:4:      layout_cave_pods, minmay_temple_entry_trees, minmay_misc_feat_cross
D:5:      layout_loops_corners, kennysheep_mini, grunt_temple_overflow_open,
          uniq_pikel
D:6:      layout_rooms, serial_curves, eino_curves_01, eino_curves_02,
          glass_columns_a
D:7:      layout_basic, general_overflow_altar, uniq_harold
Temple:   minmay_temple_curvy_loop

Skill      XL: |  1  2  3  4  5  6  7  8  9 |
---------------+----------------------------+-----
Polearms       | 3 4 6 7 10 11 | 11.5
Fighting       | 4 5 |  5.0
Throwing       | 2 |  2.2
Shields        | 4 |  4.7
Armour         | |  3.2

Action                   |  1- 3 |  4- 6 |  7- 9 || total
-------------------------+-------+-------+-------++-------
Melee: Trident           |    95 |   149 |   268 ||   512
Throw: Dart              |       |       |    14 ||    14
       Javelin           |       |       |     5 ||     5
Invok: Potion Petition   |       |       |     1 ||     1
  Use: Scroll            |     5 |     1 |     8 ||    14
       Potion            |       |       |     5 ||     5
 Stab: Distracted        |       |       |     1 ||     1
Armor: Scale mail        |    41 |       |       ||    41
       Chain mail        |       |    58 |    80 ||   138
Dodge: Dodged            |    26 |    23 |    47 ||    96
Block: Kite shield       |    51 |    63 |   106 ||   220

Table legend: (Time is in decaauts)
 A = Elapsed time spent in this place.
 B = Non-inter-level travel time spent in this place.
 C = Inter-level travel time spent in this place.
 D = Time resting spent in this place.
 E = Time spent auto-exploring this place.
 F = Levels seen in this place.
 G = Mean time per level.
                   A        B        C        D        E       F      G
               +--------+--------+--------+--------+--------+-----+--------+
         Total |   7357 |   7053 |    304 |    810 |   5089 |   8 |  919.6 |
       Dungeon |   7233 |   6981 |    252 |    810 |   5020 |   7 | 1033.3 |
        Temple |    123 |     71 |     52 |      0 |     69 |   1 |  123.0 |
               +--------+--------+--------+--------+--------+-----+--------+

Top non-repeatable levels by time:
     D:2: 1419 daAuts
     D:5: 1408 daAuts
     D:1: 1374 daAuts
     D:4: 1199 daAuts
     D:3: 1021 daAuts
     D:6: 605 daAuts
     D:7: 205 daAuts
  Temple: 123 daAuts
